 Dungeon Crawl Stone Soup version 0.26-a0-540-g8a0c9464d7 (webtiles) character file.

Game seed: 12751022792561737184

12140 vurker the Covert (level 11, -1/88 (89) HPs)
             Began as a Gnoll Delver on Aug 22, 2020.
             Was a High Priest of Cheibriados.
             Slain by an eight-headed hydra (10 damage)
             ... on level 1 of the Lair of Beasts.
             The game lasted 00:21:00 (11879 turns).

vurker the Covert (Gnoll Delver)                   Turns: 11879, Time: 00:21:00

HP:   -1/88 (89)    AC: 16    Str: 24    XL:     11   Next: 88%
MP:   15/30         EV: 11    Int: 24    God:    Cheibriados [*****.]
Gold: 2056          SH: 28    Dex: 32    Spells: 22/23 levels left

rFire    + . .     SeeInvis .   r - +3 dagger (venom)
rCold    + . .     Faith    +   H - +10 tower shield of Ignorance {rN+ Int-4}
rNeg     + . .     Spirit   .   m - +0 plate armour
rPois    .         Reflect  .   e - +1 helmet
rElec    .         Harm     .   B - scarf {rC+ rF+}
rCorr    .                      (no gloves)
MR       ++...                  D - +0 pair of boots
Stlth    ++........             j - amulet of faith
HPRegen  0.24/turn              n - ring of protection from magic
MPRegen  0.22/turn              A - ring of Dim Light {MR+ MP+9 Str-2 Dex+3}

@: very slow
A: distributed training, fangs 1, strong nose
a: Bend Time, Temporal Distortion, Slouch, Step From Time, Renounce Religion


You were on level 1 of the Lair of Beasts.
You worshipped Cheibriados.
Cheibriados was extremely pleased with you.
You visited 3 branches of the dungeon, and saw 13 of its levels.
You also visited: Ossuary and Bailey.

You collected 2554 gold pieces.
You spent 498 gold pieces at shops.

Inventory:

Hand Weapons
 r - a +3 dagger of venom (weapon)
   (You took it off Jessica on level 3 of the Dungeon)
 I - a +0 broad axe
   (You took it off an orc knight in a bailey)
Armour
 e - a +1 helmet (worn)
   (You found it on level 9 of the Dungeon)
 m - a +0 plate armour (worn)
   (You found it on level 5 of the Dungeon)
 B - a scarf of resistance (worn)
   (You found it on level 6 of the Dungeon)
 D - a +0 pair of boots (worn)
   (You bought it in a shop on level 6 of the Dungeon)
 H - the +10 tower shield of Ignorance (worn) {rN+ Int-4}
   (You found it on level 11 of the Dungeon)

   It affects your intelligence (-4).
   It protects you from negative energy.
Jewellery
 j - an amulet of faith (around neck)
   (You found it on level 4 of the Dungeon)
 n - a ring of protection from magic (left hand)
   (You found it on level 1 of the Dungeon)
 A - the ring of Dim Light (right hand) {MR+ MP+9 Str-2 Dex+3}
   (You found it on level 6 of the Dungeon)

   [ring of protection from magic]

   It affects your strength (-2).
   It affects your dexterity (+3).
   It affects your resistance to hostile enchantments.
   It affects your magic capacity (+9).
 L - an uncursed ring of protection from cold
   (You found it on level 11 of the Dungeon)
 N - an uncursed ring of protection from fire
   (You found it on level 10 of the Dungeon)
Wands
 c - a wand of disintegration (13)
   (You found it on level 10 of the Dungeon)
 d - a wand of iceblast (11)
   (You found it on level 10 of the Dungeon)
 g - a wand of polymorph (11)
   (You took it off a gnoll sergeant on level 6 of the Dungeon)
 t - a wand of flame (13)
   (You found it on level 6 of the Dungeon)
 u - a wand of paralysis (7)
   (You found it in an ossuary)
 v - a wand of digging (3)
 x - a wand of acid (5)
   (You found it on level 2 of the Dungeon)
 J - a wand of enslavement (12)
   (You found it on level 8 of the Dungeon)
Scrolls
 b - 2 scrolls of amnesia
 h - 4 scrolls of remove curse
 l - a scroll of enchant armour
 o - a scroll of blinking
 p - 3 scrolls of enchant weapon
 s - 4 scrolls of teleportation
 y - a scroll of fear
 C - 2 scrolls of immolation
 M - 6 scrolls of fog
 O - 3 scrolls of magic mapping
Potions
 a - 2 potions of mutation
 f - a potion of cancellation
 i - 4 potions of curing
 k - 2 potions of flight
 q - 4 potions of brilliance
 w - 2 potions of lignification
 z - 2 potions of ambrosia
 E - 3 potions of heal wounds
 G - 2 potions of magic


   Skills:
 + Level 9.4 Fighting
 + Level 6.7 Short Blades
 + Level 6.7 Long Blades
 + Level 6.7 Axes
 + Level 8.2 Maces & Flails
 + Level 6.7 Polearms
 + Level 6.7 Staves
 + Level 6.7 Slings
 + Level 6.7 Bows
 + Level 6.7 Crossbows
 + Level 6.7 Throwing
 + Level 6.7 Armour
 + Level 8.2 Dodging
 + Level 11.5 Stealth
 + Level 6.7 Shields
 + Level 6.7 Unarmed Combat
 + Level 6.7 Spellcasting
 + Level 5.5 Conjurations
 + Level 5.5 Hexes
 + Level 5.5 Summonings
 + Level 5.5 Necromancy
 + Level 5.5 Translocations
 + Level 5.5 Transmutations
 + Level 5.5 Fire Magic
 + Level 5.5 Ice Magic
 + Level 5.5 Air Magic
 + Level 5.5 Earth Magic
 + Level 5.5 Poison Magic
 + Level 7.3 Invocations
 + Level 6.7 Evocations


You had 22 spell levels left.
You knew the following spells:

 Your Spells              Type           Power        Failure   Level
p - Apportation           Tloc           ####..       75%         1

Your spell library contained the following spells:

 Spells                   Type           Power        Failure   Level
 Animate Skeleton         Necr           ####..       75%         1
 Corona                   Hex            ####...      75%         1
 Foxfire                  Conj/Fire      ####         75%         1
 Sandblast                Erth           ####..       75%         1
 Summon Small Mammal      Summ           ####         75%         1
 Call Imp                 Summ           ####....     86%         2
 Passwall                 Tmut/Erth      ####....     86%         2
 Call Canine Familiar     Summ           ####....     98%         3
 Conjure Flame            Conj/Fire      ####....     98%         3
 Dazzling Flash           Conj/Hex       ####..       98%         3
 Frozen Ramparts          Ice            ####..       98%         3
 Inner Flame              Hex/Fire       ####....     98%         3
 Portal Projectile        Hex/Tloc       ####..       98%         3
 Stone Arrow              Conj/Erth      ####..       98%         3
 Cause Fear               Hex            ####......   100%        4
 Petrify                  Tmut/Erth      ####....     100%        4
 Sticky Flame             Conj/Fire      ####....     100%        4
 Fireball                 Conj/Fire      ####......   100%        5
 Lee's Rapid Deconstruct  Erth           ####......   100%        5
 Invisibility             Hex            ####....     100%        6
 Malign Gateway           Summ/Tloc      ####......   100%        7
 Controlled Blink         Tloc           N/A          100%        8


Dungeon Overview and Level Annotations

Branches:
Dungeon (11/15)            Temple (1/1) D:6            Lair (1/6) D:11
Ossuary (visited)          Bailey (visited)
    Orc: D:9-12

Altars:
Cheibriados
Elyvilon
Makhleb
Nemelex Xobeh
Okawaru
Qazlal
Ru
Trog
Xom
Yredelemnul
Zin

Shops:
D:6 *   D:7 !

Annotations:
D:11 1 runed translucent door, exclusions: 2 doors and orange crystal statue


Innate Abilities, Weirdness & Mutations

Your experience applies equally to all skills.
You have very sharp teeth.
Your uncanny sense of smell can sniff out nearby items.


Message History

The eight-headed hydra closely misses you.
The eight-headed hydra bites you!
The eight-headed hydra completely misses you.
You can feel time thicken for a moment.
You kill the bullfrog!
Cheibriados thoroughly appreciates the change of pace.
You kill the porcupine!
Cheibriados thoroughly appreciates the change of pace.
Cheibriados lowers the support of your attributes as your movement quickens.
You block the eight-headed hydra's attack. x2
The eight-headed hydra bites you!
* * * LOW HITPOINT WARNING * * *
The eight-headed hydra bites you.
* * * LOW HITPOINT WARNING * * *
You block the eight-headed hydra's attack. x2
The eight-headed hydra bites you!
* * * LOW HITPOINT WARNING * * *
The eight-headed hydra bites you but does no damage.
Unknown command.
You can feel time thicken for a moment.
Cheibriados lowers the support of your attributes as your movement quickens.
You block the eight-headed hydra's attack. x2
The eight-headed hydra bites you!
* * * LOW HITPOINT WARNING * * *
You block the eight-headed hydra's attack.
The eight-headed hydra bites you but does no damage.
The eight-headed hydra bites you!
* * * LOW HITPOINT WARNING * * *
You block the eight-headed hydra's attack.
The eight-headed hydra bites you but does no damage.
Unknown command.
Unknown command.
You can feel time thicken for a moment.
Cheibriados lowers the support of your attributes as your movement quickens.
You block the eight-headed hydra's attack.
The eight-headed hydra bites you.
* * * LOW HITPOINT WARNING * * *
You block the eight-headed hydra's attack.
The eight-headed hydra bites you.
* * * LOW HITPOINT WARNING * * *
The eight-headed hydra closely misses you.
You block the eight-headed hydra's attack. x3
A bullfrog comes into view.
Aim: an eight-headed hydra (severely wounded)
The bolt of acid misses the eight-headed hydra.
The bullfrog croaks.
The eight-headed hydra bites you but does no damage.
You block the eight-headed hydra's attack. x2
The eight-headed hydra bites you!
You die...

...F.
....###
......##
##..... ##
P..... ..#
#...## ...
#†D.###.# #
#@...#.##.#
##?...#....#
#.......#
###.....#
#....<#
#.....#
#.....#
##..### #...


You could see an eight-headed hydra and a bullfrog.

Vanquished Creatures
  Harold (D:11)
  3 two-headed ogres (D:11)
  A death knight (D:10)
  2 orc knights (Bailey)
  A manticore (D:11)
  An ugly thing (D:11)
  4 hippogriffs
  7 yaks
  A steam dragon (D:10)
  A porcupine (Lair:1)
  4 orc warriors
  A black bear (D:11)
  A sky beast (D:7)
  5 ogres
  3 necrophages
  2 centaurs
  4 crocodiles
  An elf zombie (Ossuary)
  8 bullfrogs
  A gnoll sergeant (D:6)
  2 scorpions
  4 killer bees (D:11)
  5 wights (D:11)
  5 howler monkeys
  A bullfrog zombie (D:5)
  4 crimson imps (D:3)
  3 centaur zombies
  3 quasits
  A gnoll shaman (D:4)
  4 orc priests
  7 hounds
  2 human zombies (Ossuary)
  2 bullfrog skeletons
  5 jellies
  Jessica (D:3)
  3 iguanas
  12 orc wizards
  8 worker ants
  A killer bee zombie (D:7)
  A big kobold zombie (Ossuary)
  A hound skeleton (D:10)
  2 mummies (Ossuary)
  10 gnolls
  9 adders
  A shadow imp (D:9)
  5 white imps
  3 ufetubi
  4 adder skeletons
  5 adder zombies
  2 worms
  A dart slug (D:4)
  4 leopard geckos
  41 orcs
  A ball python (D:3)
  3 giant cockroaches
  9 goblins
  5 hobgoblins
  12 jackals
  2 quokkas
  6 bats
  6 frilled lizards
  8 hobgoblin zombies (Ossuary)
  2 jackal skeletons
  2 jackal zombies (Ossuary)
  17 kobolds
  7 kobold zombies (Ossuary)
  A leopard gecko zombie (D:5)
  10 orc zombies (Ossuary)
  6 rats
  A rat zombie (Ossuary)
  A spectral orc (D:7)
313 creatures vanquished.

Notes
Turn   | Place    | Note
-------+----------+-------------------------------------------
     0 | D:5      | Reached skill level 9 in Stealth
     0 | D:5      | vurker the Gnoll Delver began the quest for the Orb.
     0 | D:5      | Reached XP level 1. HP: 23/23 MP: 1/1
    46 | D:4      | Found a snail-covered altar of Cheibriados.
    72 | D:4      | Became a worshipper of Cheibriados the Contemplative
    92 | D:3      | Found a glowing silver altar of Zin.
   125 | D:4      | Reached XP level 2. HP: 29/29 MP: 2/2
   207 | D:4      | Reached skill level 1 in Invocations
   207 | D:4      | Reached XP level 3. HP: 32/35 MP: 2/4
   265 | D:4      | Noticed an ogre
   394 | D:3      | Reached skill level 1 in Short Blades
   394 | D:3      | Reached skill level 1 in Long Blades
   394 | D:3      | Reached skill level 1 in Axes
   394 | D:3      | Reached skill level 1 in Polearms
   394 | D:3      | Reached skill level 1 in Staves
   394 | D:3      | Reached skill level 1 in Slings
   394 | D:3      | Reached skill level 1 in Bows
   394 | D:3      | Reached skill level 1 in Crossbows
   394 | D:3      | Reached skill level 1 in Throwing
   394 | D:3      | Reached skill level 1 in Armour
   394 | D:3      | Reached skill level 1 in Shields
   394 | D:3      | Reached skill level 1 in Unarmed Combat
   394 | D:3      | Reached skill level 1 in Spellcasting
   394 | D:3      | Reached skill level 1 in Evocations
   582 | D:3      | Reached * piety under Cheibriados
   582 | D:3      | Reached XP level 4. HP: 41/41 MP: 5/5
   639 | D:2      | Found an iron altar of Okawaru.
   852 | D:1      | Reached ** piety under Cheibriados
  1028 | D:1      | Found a sparkling altar of Nemelex Xobeh.
  1381 | D:2      | Reached skill level 1 in Conjurations
  1381 | D:2      | Reached skill level 1 in Hexes
  1381 | D:2      | Reached skill level 1 in Summonings
  1381 | D:2      | Reached skill level 1 in Necromancy
  1381 | D:2      | Reached skill level 1 in Translocations
  1381 | D:2      | Reached skill level 1 in Transmutations
  1381 | D:2      | Reached skill level 1 in Fire Magic
  1381 | D:2      | Reached skill level 1 in Ice Magic
  1381 | D:2      | Reached skill level 1 in Air Magic
  1381 | D:2      | Reached skill level 1 in Earth Magic
  1381 | D:2      | Reached skill level 1 in Poison Magic
  1707 | D:3      | Reached XP level 5. HP: 47/47 MP: 6/6
  1773 | D:3      | Reached *** piety under Cheibriados
  1778 | D:3      | Found a stormy altar of Qazlal.
  1796 | D:3      | Noticed Jessica
  1807 | D:3      | Killed Jessica
  1939 | D:3      | Found a shimmering altar of Xom.
  1956 | D:3      | Reached XP level 6. HP: 53/53 MP: 8/8
  2043 | D:3      | Reached skill level 5 in Maces & Flails
  2043 | D:3      | Reached skill level 5 in Dodging
  2612 | D:4      | Reached XP level 7. HP: 59/59 MP: 10/10
  2907 | D:4      | Reached **** piety under Cheibriados
  3392 | D:5      | Found a bloodstained altar of Trog.
  3498 | D:5      | Reached ***** piety under Cheibriados
  3870 | D:5      | Reached skill level 10 in Stealth
  3874 | D:5      | Reached XP level 8. HP: 62/67 MP: 12/12
  3911 | D:5      | Found a sacrificial altar of Ru.
  3912 | D:5      | Found a burning altar of Makhleb.
  4280 | D:6      | Got a wavering glass ring
  4281 | D:6      | Identified the ring of Dim Light {MR+ MP+9 Str-2 Dex+3}
                  | (You found it on level 6 of the Dungeon)
  4302 | D:6      | Found Uwooseko's General Store.
  4317 | D:6      | Found a staircase to the Ecumenical Temple.
  4324 | Temple   | Entered the Ecumenical Temple
  4658 | D:6      | Found a sand-covered staircase.
  4666 | Ossuary  | Entered an ossuary
  5048 | D:6      | Identified the Tome of the Ensnaring Glacier
  5058 | D:6      | Bought a scroll of amnesia for 42 gold pieces
  5058 | D:6      | Bought a scroll of immolation for 42 gold pieces
  5058 | D:6      | Bought a +0 pair of boots for 54 gold pieces
  5175 | D:6      | Identified 2 scrolls of acquirement
  5175 | D:6      | Acquired a +0 kite shield of protection
  5188 | D:6      | Acquired 1380 gold pieces
  5331 | D:6      | Reached ****** piety under Cheibriados
  5748 | D:7      | Reached XP level 9. HP: 69/72 MP: 14/14
  5977 | D:7      | Found a basalt altar of Yredelemnul.
  6311 | D:7      | Got a crude hunting sling
  6343 | D:7      | Found Oscher Cele's Distillery.
  6363 | D:7      | Bought a potion of mutation for 120 gold pieces
  6363 | D:7      | Bought a potion of lignification for 45 gold pieces
  6363 | D:7      | Bought a potion of heal wounds for 75 gold pieces
  6363 | D:7      | Bought a potion of magic for 120 gold pieces
  6889 | D:8      | Identified Neru Met's Incunabulum of Displacement and
                  | Companions
  6904 | D:8      | Found a flagged portal.
  6913 | Bailey   | Entered a bailey
  6995 | Bailey   | Noticed an orc knight
  7003 | Bailey   | Killed an orc knight
  7003 | Bailey   | Reached skill level 5 in Invocations
  7126 | Bailey   | Noticed an orc knight
  7136 | Bailey   | Killed an orc knight
  7136 | Bailey   | Reached XP level 10. HP: 74/80 MP: 17/17
  7185 | Bailey   | Found a bloodstained altar of Trog.
  7362 | D:8      | Reached skill level 5 in Short Blades
  7362 | D:8      | Reached skill level 5 in Long Blades
  7362 | D:8      | Reached skill level 5 in Axes
  7362 | D:8      | Reached skill level 5 in Polearms
  7362 | D:8      | Reached skill level 5 in Staves
  7362 | D:8      | Reached skill level 5 in Slings
  7362 | D:8      | Reached skill level 5 in Bows
  7362 | D:8      | Reached skill level 5 in Crossbows
  7362 | D:8      | Reached skill level 5 in Throwing
  7362 | D:8      | Reached skill level 5 in Armour
  7362 | D:8      | Reached skill level 5 in Shields
  7362 | D:8      | Reached skill level 5 in Unarmed Combat
  7362 | D:8      | Reached skill level 5 in Spellcasting
  7362 | D:8      | Reached skill level 5 in Evocations
  8996 | D:10     | Entered Level 10 of the Dungeon
  9006 | D:10     | Reached skill level 11 in Stealth
  9287 | D:10     | Noticed a death knight
  9306 | D:10     | Killed a death knight
  9306 | D:10     | Reached XP level 11. HP: 40/86 MP: 17/19
  9795 | D:10     | Got a steaming ring mail
  9815 | D:10     | Identified the +4 ring mail of the Distant Future {Rampage
                  | MR- Int+4} (You found it on level 10 of the Dungeon)
 10011 | D:11     | Noticed Harold
 10012 | D:11     | Noticed a two-headed ogre
 10019 | D:11     | Killed a two-headed ogre
 10019 | D:11     | Reached skill level 5 in Conjurations
 10019 | D:11     | Reached skill level 5 in Hexes
 10019 | D:11     | Reached skill level 5 in Summonings
 10019 | D:11     | Reached skill level 5 in Necromancy
 10019 | D:11     | Reached skill level 5 in Translocations
 10019 | D:11     | Reached skill level 5 in Transmutations
 10019 | D:11     | Reached skill level 5 in Fire Magic
 10019 | D:11     | Reached skill level 5 in Ice Magic
 10019 | D:11     | Reached skill level 5 in Air Magic
 10019 | D:11     | Reached skill level 5 in Earth Magic
 10019 | D:11     | Reached skill level 5 in Poison Magic
 10023 | D:11     | Killed Harold
 10313 | D:11     | Noticed a manticore
 10328 | D:11     | Killed a manticore
 10549 | D:11     | Found a staircase to the Lair.
 10686 | D:11     | Found the +10 tower shield of Ignorance {rN+ Int-4}
 10689 | D:11     | Found a runed translucent door.
 10689 | D:11     | Noticed an orange crystal statue
 10739 | D:11     | Found a runed translucent door.
 11039 | D:11     | Noticed a two-headed ogre
 11053 | D:11     | Killed a two-headed ogre
 11170 | D:11     | Noticed a two-headed ogre
 11171 | D:11     | Killed a two-headed ogre
 11301 | D:11     | Noticed a white ugly thing
 11319 | D:11     | Killed a white ugly thing
 11782 | D:11     | Learned a level 1 spell: Apportation
 11869 | Lair:1   | Entered Level 1 of the Lair of Beasts
 11874 | Lair:1   | Noticed an eight-headed hydra
 11879 | Lair:1   | Slain by an eight-headed hydra

Illustrated notes

Levels and vault maps discovered:
D:1:      dpeg_arrival_oval, layout_rooms, nemelex_xobeh_ov_fountains_minmay
D:2:      layout_basic, lemuel_crystal_altar
D:3:      layout_loops_ring, nicolae_overflow_hidden_temple,
          lemuel_doored_altar, led_xom_imps, uniq_jessica
D:4:      layout_loops_ring, kennysheep_slug_shrine
D:5:      layout_rooms, overflow_temple_1_default,
          gammafunk_temple_overflow_statue
D:6:      layout_cave_pods, minmay_temple_entry_tees, serial_shops, shop,
          lightli_ossuary_entry_decrepit_ruins
D:7:      layout_layer_cave, yredelemnul_forgotten_temple_becter, serial_shops,
          shop, chequers_serial_rivers_large_b
D:8:      layout_rooms, enter_bailey_2
D:9:      layout_loops_ring
D:10:     layout_basic, minmay_misc_feat_five, minmay_checkerbox
D:11:     layout_roguey, david_lair_generic, chequers_guarded_unrand_ignorance,
          uniq_harold
Temple:   eino_temple_water
Lair:1:   minmay_guarded_unrand_snakebite, layout_hall_layers,
          grunt_megastairs_4, uniq_sonja, uniq_fannar

Skill      XL: |  1  2  3  4  5  6  7  8  9 10 11 |
---------------+----------------------------------+-----
Stealth        | 10 11 | 11.5
Invocations    | 1 2 3 4 5 6 7 |  7.3
Short Blades   | 1 2 3 4 5 6 |  6.7
Long Blades    | 1 2 3 4 5 6 |  6.7
Axes           | 1 2 3 4 5 6 |  6.7
Polearms       | 1 2 3 4 5 6 |  6.7
Staves         | 1 2 3 4 5 6 |  6.7
Slings         | 1 2 3 4 5 6 |  6.7
Bows           | 1 2 3 4 5 6 |  6.7
Crossbows      | 1 2 3 4 5 6 |  6.7
Throwing       | 1 2 3 4 5 6 |  6.7
Armour         | 1 2 3 4 5 6 |  6.7
Shields        | 1 2 3 4 5 6 |  6.7
Unarmed Combat | 1 2 3 4 5 6 |  6.7
Spellcasting   | 1 2 3 4 5 6 |  6.7
Evocations     | 1 2 3 4 5 6 |  6.7
Conjurations   | 1 2 3 4 5 |  5.5
Hexes          | 1 2 3 4 5 |  5.5
Summonings     | 1 2 3 4 5 |  5.5
Necromancy     | 1 2 3 4 5 |  5.5
Translocations | 1 2 3 4 5 |  5.5
Transmutations | 1 2 3 4 5 |  5.5
Fire Magic     | 1 2 3 4 5 |  5.5
Ice Magic      | 1 2 3 4 5 |  5.5
Air Magic      | 1 2 3 4 5 |  5.5
Earth Magic    | 1 2 3 4 5 |  5.5
Poison Magic   | 1 2 3 4 5 |  5.5
Maces & Flails | 5 6 7 8 |  8.2
Dodging        | 5 6 7 8 |  8.2
Fighting       | 7 8 9 |  9.4

Action                   |  1- 3 |  4- 6 |  7- 9 | 10-12 || total
-------------------------+-------+-------+-------+-------++-------
Melee: Mace              |    44 |   111 |       |       ||   155
       Bite              |     2 |    33 |   134 |   148 ||   317
       Punch             |       |     1 |       |       ||     1
       Dagger            |       |    60 |   500 |   543 ||  1103
 Cast: Apportation       |       |       |       |     1 ||     1
Invok: Slouch            |       |       |     1 |     8 ||     9
Evoke: Wand              |       |       |     3 |     3 ||     6
  Use: Scroll            |       |       |    14 |     6 ||    20
       Potion            |       |       |     4 |     1 ||     5
 Stab: Distracted        |     1 |       |     2 |       ||     3
       Sleeping          |     3 |    16 |       |     3 ||    22
Armor: Ring mail         |    19 |    33 |       |       ||    52
       Chain mail        |       |    42 |    31 |       ||    73
       Plate armour      |       |       |   129 |   154 ||   283
Dodge: Dodged            |    39 |   121 |   219 |   198 ||   577
Block: Buckler           |       |    32 |    37 |       ||    69
       Kite shield       |       |       |   269 |   328 ||   597
       Tower shield      |       |       |       |    20 ||    20

Table legend: (Time is in decaauts)
 A = Elapsed time spent in this place.
 B = Non-inter-level travel time spent in this place.
 C = Inter-level travel time spent in this place.
 D = Time resting spent in this place.
 E = Time spent auto-exploring this place.
 F = Levels seen in this place.
 G = Mean time per level.
                   A        B        C        D        E       F      G
               +--------+--------+--------+--------+--------+-----+--------+
         Total |  17413 |  16364 |   1049 |      0 |  13450 |  15 | 1160.9 |
       Dungeon |  16212 |  15164 |   1048 |      0 |  12754 |  11 | 1473.8 |
        Temple |    285 |    285 |      0 |      0 |    273 |   1 |  285.0 |
          Lair |     15 |     15 |      0 |      0 |      8 |   1 |   15.0 |
       Ossuary |    445 |    445 |      0 |      0 |    204 |   1 |  445.0 |
        Bailey |    454 |    454 |      0 |      0 |    210 |   1 |  454.0 |
               +--------+--------+--------+--------+--------+-----+--------+

Top non-repeatable levels by time:
    D:11: 2508 daAuts
     D:7: 2137 daAuts
     D:6: 1719 daAuts
     D:9: 1652 daAuts
     D:4: 1595 daAuts
    D:10: 1552 daAuts
     D:3: 1377 daAuts
     D:5: 1114 daAuts
     D:8: 1046 daAuts
     D:1: 763 daAuts
     D:2: 744 daAuts
  Bailey: 454 daAuts
 Ossuary: 445 daAuts
  Temple: 285 daAuts
  Lair:1: 15 daAuts
